 Dungeon Crawl Stone Soup version 0.30-a0-390-g80c34de65d (webtiles) character file.

Game seed: 12327731579877865839

10566 Conn the Arsonist (level 11, -5/64 HPs)
             Began as an Octopode Fire Elementalist on Dec 4, 2022.
             Was an Elder of Sif Muna.
             Slain by an eight-headed hydra (8 damage)
             ... on level 1 of the Lair of Beasts.
             The game lasted 00:32:28 (13723 turns).

Conn the Arsonist (Octopode Fire Elementalist)     Turns: 13723, Time: 00:32:30

Health: -5/64      AC:  3    Str:  7    XL:     11   Next: 64%
Magic:  18/24      EV: 13    Int: 22    God:    Sif Muna [****..]
Gold:   609        SH:  0    Dex: 13    Spells: 11/28 levels left

rFire   . . .      SeeInvis +    a - staff of conjuration
rCold   + . .      Faith    +    H - orb {light}
rNeg    . . .      Spirit   .    L - +2 hat
rPois   .          Reflect  .    d - amulet of faith
rElec   .          Harm     .    D - ring of protection from cold
rCorr   .          Rampage  .    I - ring of see invisible
Will    .....                    (no ring)
Stlth   ++........               (no ring)
HPRegen 0.30/turn                (no ring)
MPRegen 0.19/turn                (no ring)
                                 (no ring)
                                 (no ring)

@: hasted, glowing, very quick
A: almost no armour, amphibious, 8 rings, camouflage 1, gelatinous body 1,
(nimble swimmer 1), tentacles
a: Renounce Religion, Channel Magic, Forget Spell, Divine Exegesis


You were on level 1 of the Lair of Beasts.
You worshipped Sif Muna.
Sif Muna was greatly pleased with you.
You visited 3 branches of the dungeon, and saw 12 of its levels.

You collected 609 gold pieces.

Inventory:

Hand Weapons
 b - a +2 dagger of electrocution
Missiles
 E - 2 curare-tipped darts
Armour
 C - a +2 buckler
 H - an orb of light (worn)
 L - a +2 hat (worn)
Magical Staves
 a - a staff of conjuration (weapon)
 K - a staff of cold
Jewellery
 d - an amulet of faith (around mantle)
 D - a ring of protection from cold (left tentacle)
 I - a ring of see invisible (right tentacle)
 M - a ring of ice
 N - an amulet of the acrobat
Wands
 t - a wand of digging (15)
 y - a wand of flame (18)
 z - a wand of charming (7)
 A - a wand of iceblast (5)
Scrolls
 c - 2 scrolls of fear {unknown}
 e - 2 scrolls of summoning {unknown}
 g - 3 scrolls of teleportation {unknown}
 i - 2 scrolls of blinking {unknown}
 m - a scroll of torment {unknown}
 o - 2 scrolls of vulnerability {unknown}
 q - 7 scrolls of identify {unknown}
 u - a scroll of butterflies {unknown}
 v - 2 scrolls of magic mapping {unknown}
 x - 2 scrolls of enchant weapon {unknown}
 B - 2 scrolls of immolation {unknown}
 F - 2 scrolls of noise {unknown}
 J - a scroll of poison {unknown}
Potions
 f - a potion of haste
 h - 2 potions of invisibility
 j - 4 potions of lignification {unknown}
 k - 5 potions of degeneration
 l - 2 potions of might
 n - a potion of attraction {unknown}
 p - 4 potions of curing {unknown}
 r - 2 potions of magic
 s - a potion of flight {unknown}
 w - 4 potions of heal wounds {unknown}
 G - a potion of resistance {unknown}


   Skills:
 + Level 2.1 Fighting
 + Level 2.3 Short Blades
 + Level 2.6 Dodging
 + Level 6.2 Stealth
 + Level 9.0 Spellcasting
 + Level 6.3 Conjurations
 + Level 2.9 Hexes
 * Level 5.5 Necromancy
 + Level 1.0 Translocations
 + Level 9.7 Fire Magic
 + Level 1.1 Air Magic
 * Level 6.2 Invocations
 + Level 0.6 Evocations


You had 11 spell levels left.
You knew the following spells:

 Your Spells              Type           Power      Damage    Failure   Level
a - Foxfire               Conj/Fire      100%       2x1d9     1%          1
b - Kindle Blastsparks    Fire/Tloc/Air  54%        2d14      4%          3
c - Inner Flame           Hex/Fire       37%        N/A       1%          3
d - Flame Wave            Conj/Fire      61%        2d14      2%          4
e - Scorch                Fire           100%       2d10      1%          2
f - Dispel Undead         Necr           34%        3d15      7%          4

Your spell library contained the following spells:

 Spells                   Type           Power      Damage    Failure   Level
 Kiss of Death            Conj/Necr      100%       2d13      1%          1
 Ignite Poison            Fire/Tmut/Pois 24%        N/A       5%          3
 Confusing Touch          Hex            22%        N/A       6%          3
 Olgreb's Toxic Radiance  Pois           9%         N/A       54%         4
 Freezing Cloud           Conj/Ice/Air   15%        6-21      54%         5
 Ozocubu's Refrigeration  Ice            4%         4d8       100%        7
 Ignition                 Fire           25%        3d9       100%        8


Dungeon Overview and Level Annotations

Branches:
Dungeon (10/15)            Temple (1/1) D:4            Lair (1/5) D:10
    Orc: D:9-12

Altars:
Ashenzari
Cheibriados
Dithmenos
Elyvilon
Fedhas
Gozag
Hepliaklqana
Kikubaaqudgha
Makhleb
Nemelex Xobeh
Okawaru
Qazlal
Ru
Sif Muna
Trog
Uskayaw
Vehumet
Wu Jian
Xom
Yredelemnul
Zin
The Shining One

Shops:
D:2 [   D:5 (


Innate Abilities, Weirdness & Mutations

You cannot wear most types of armour.
You are amphibious.
You can wear up to eight rings at the same time.
Your skin changes colour to match your surroundings (Stealth+).
Your rubbery body absorbs attacks. (AC +1, EV +1)
((You are camouflaged when in or above water. (Stealth+)))
You have tentacles for arms and can constrict up to eight enemies at once.


Message History

The iceblast engulfs the wolf!
Sif Muna accepts your kill.
The iceblast engulfs the fungus!
The fungus begins to die.
The fungus is lightly damaged.
The wolf explodes!
The fiery explosion engulfs the wolf!
You kill the wolf!
Sif Muna accepts your kill.
The fiery explosion engulfs the eight-headed hydra!!
The eight-headed hydra is moderately wounded.
The fiery explosion engulfs the wolf!!!
You kill the wolf!
Sif Muna accepts your kill.
The eight-headed hydra is engulfed in blazing flames.
You feel your strength returning.
Your Invocations skill increases to level 6!
Unknown command.
Unknown command.
Unknown command.
Okay, then.
Okay, then.
Unknown command.
Unknown command.
Okay, then.
Okay, then.
Unknown command.
Aiming: Charm
Press: ? - help, Shift-Dir - straight line, f - wolf
Aim: a wolf (haloed, chance to affect: 50%)
Okay, then.
Unknown command.
Unknown command.
You feel yourself speed up.
The wolf is engulfed in blazing flames.
The wolf closely misses you. The eight-headed hydra bites you.
The eight-headed hydra bites you! x2
* * * LOW HITPOINT WARNING * * *
The eight-headed hydra bites you!
* * * LOW HITPOINT WARNING * * *
The eight-headed hydra bites you!
You die...

#.)..............
#...........
#..........
##..........
#...........
#P.#.########.
#P.#..........
#..#..).....#.
##@h........#
#DP........#
##°#........#
#§h#........#
##§§........#
#.#.........
#.######..#.
##..........
#...........


You could see an eight-headed hydra and 2 wolves.

Vanquished Creatures
  The ghost of nubinia the Grappler, a novice TrFi of Gozag (D:9)
  A wizard (D:6)
  An oklob plant (D:10)
  2 cane toads (Lair:1)
  A kobold demonologist (D:10)
  A komodo dragon (D:10)
  2 trolls (D:10)
  A polar bear (Lair:1)
  Grinder (D:4)
  A wyvern (D:10)
  Sigmund (D:4)
  A shadow (D:10)
  17 yaks (D:9)
  A steam dragon (D:9)
  3 vampire mosquitoes (D:5)
  An acid dragon (D:8)
  A water moccasin (Lair:1)
  4 orc warriors
  An ice beast (D:8)
  4 sky beasts
  3 black bears
  3 wolves (Lair:1)
  4 centaurs
  2 phantoms
  5 kobold brigands
  4 bullfrogs
  3 scorpions
  3 killer bees (D:9)
  3 howler monkeys (D:8)
  A quasit (D:7)
  2 gnoll boudas (D:5)
  7 orc priests
  2 hounds
  3 iguanas (D:5)
  Natasha (thrice) (D:3)
  5 orc wizards
  Robin (D:4)
  7 gnolls (D:5)
  3 adders
  3 shadow imps
  2 white imps
  An ufetubus (D:4)
  A worm (D:4)
  3 dart slugs
  30 orcs
  9 ball pythons
  3 bats
  6 endoplasms
  A giant cockroach (D:3)
  23 goblins
  8 hobgoblins
  3 jackals
  35 kobolds
  A quokka (D:4)
  8 frilled lizards
  8 rats
255 creatures vanquished.

Vanquished Creatures (collateral kills)
  2 yaks (D:9)
  A killer bee (D:9)
  7 foxfires
10 creatures vanquished.

Vanquished Creatures (others)
  2 killer bees (D:9)
  782 foxfires
  2 fungi (Lair:1)
  5 plants
791 creatures vanquished.

Grand Total: 1056 creatures vanquished

Notes
Turn   | Place    | Note
-------+----------+-------------------------------------------
     0 | D:1      | Conn the Octopode Fire Elementalist began the quest for the
                  | Orb.
     0 | D:1      | Reached XP level 1. HP: 11/11 MP: 3/3
   107 | D:1      | Reached XP level 2. HP: 17/17 MP: 0/5
   617 | D:1      | Reached XP level 3. HP: 21/21 MP: 3/6
   620 | D:1      | Learned a level 2 spell: Scorch
   624 | D:1      | Learned a level 3 spell: Kindle Blastsparks
   984 | D:2      | Found Xazol's Antique Armour Shop.
  1208 | D:2      | Found a radiant altar of Vehumet.
  2014 | D:3      | Reached XP level 4. HP: 27/27 MP: 4/7
  2173 | D:3      | Noticed Natasha
  2178 | D:3      | Killed Natasha
  2219 | D:3      | Noticed Natasha
  2225 | D:3      | Killed Natasha
  2443 | D:3      | Reached XP level 5. HP: 32/32 MP: 5/9
  2615 | D:3      | Found a hazy altar of Hepliaklqana.
  2696 | D:3      | Noticed Natasha
  2702 | D:3      | Killed Natasha
  3180 | D:4      | Noticed Grinder
  3282 | D:4      | Noticed a sky beast
  3288 | D:4      | Killed a sky beast
  3289 | D:4      | Reached skill level 1 in Short Blades
  3289 | D:4      | Reached XP level 6. HP: 37/37 MP: 4/10
  3340 | D:4      | Noticed Sigmund
  3347 | D:4      | Killed Sigmund
  3348 | D:4      | Reached skill level 5 in Stealth
  3361 | D:4      | Reached XP level 7. HP: 42/42 MP: 1/12
  3362 | D:5      | Entered Level 5 of the Dungeon
  3451 | D:5      | Learned a level 3 spell: Inner Flame
  3456 | D:5      | Learned a level 4 spell: Flame Wave
  3503 | D:4      | Killed Grinder
  3504 | D:4      | Reached skill level 1 in Fighting
  3504 | D:4      | Reached skill level 5 in Fire Magic
  3999 | D:4      | Noticed a +0 spear
  3999 | D:4      | Noticed a +0 short sword
  3999 | D:4      | Noticed a +0 spear
  3999 | D:4      | Noticed a +0 short sword
  3999 | D:4      | Noticed a +0 dagger
  3999 | D:4      | Noticed a +0 dagger
  3999 | D:4      | Noticed a +0 falchion
  3999 | D:4      | Noticed a +0 falchion
  4001 | D:4      | Found a hide-covered altar of Uskayaw.
  4230 | D:4      | Found an ornate altar of the Wu Jian Council.
  4334 | D:4      | Found an iron altar of Okawaru.
  4363 | D:4      | Found a staircase to the Ecumenical Temple.
  4368 | Temple   | Entered the Ecumenical Temple
  4387 | Temple   | Became a worshipper of Sif Muna the Loreminder
  4441 | D:4      | Found a burning altar of Makhleb.
  4444 | D:4      | Noticed Robin
  4456 | D:4      | Killed Robin
  5087 | D:5      | Reached XP level 8. HP: 39/48 MP: 9/14
  5141 | D:5      | Reached * piety under Sif Muna
  5411 | D:5      | Reached skill level 5 in Spellcasting
  5522 | D:5      | Reached skill level 1 in Hexes
  5901 | D:5      | Found Pagu's Weapon Boutique.
  6195 | D:6      | Reached XP level 9. HP: 53/53 MP: 6/18
  6336 | D:6      | Identified the +1 scale mail of Emesuorph {rPois rN+ rCorr
                  | Str-5}
  6474 | D:6      | Found an ancient bone altar of Kikubaaqudgha.
  6508 | D:6      | Found a bloodstained altar of Trog.
  6533 | D:6      | Reached ** piety under Sif Muna
  6661 | D:6      | Found a broken altar of Ashenzari.
  7006 | D:6      | Noticed a wizard
  7012 | D:6      | Killed a wizard
  7466 | D:7      | Learned a level 4 spell: Dispel Undead
  8425 | D:7      | Reached skill level 1 in Necromancy
  8768 | D:8      | Reached skill level 5 in Conjurations
  8768 | D:8      | Reached skill level 1 in Invocations
  9051 | D:8      | Reached *** piety under Sif Muna
  9109 | D:8      | Reached XP level 10. HP: 59/59 MP: 8/21
  9942 | D:9      | Reached **** piety under Sif Muna
 10100 | D:9      | Identified the +1 leather armour "Afauvewn" {Fly}
 10360 | D:9      | Found a large runed translucent door.
 10361 | D:9      | Found a large runed translucent door.
 10364 | D:9      | Noticed nubinia's ghost (novice TrFi)
 11213 | D:9      | Reached skill level 5 in Invocations
 11213 | D:9      | Reached XP level 11. HP: 63/63 MP: 10/23
 11240 | D:9      | Reached skill level 5 in Necromancy
 11703 | D:9      | Killed nubinia's ghost
 11865 | D:10     | Entered Level 10 of the Dungeon
 11865 | D:10     | Found a basalt altar of Yredelemnul.
 12186 | D:10     | Noticed an oklob plant
 12199 | D:10     | Killed an oklob plant
 12200 | D:10     | Reached skill level 1 in Air Magic
 12284 | D:10     | Found a staircase to the Lair.
 12515 | D:10     | Reached skill level 1 in Translocations
 13360 | Lair:1   | Entered Level 1 of the Lair of Beasts
 13704 | Lair:1   | Noticed an eight-headed hydra
 13723 | Lair:1   | HP: 3/64 [eight-headed hydra (12)]
 13723 | Lair:1   | Slain by an eight-headed hydra

Illustrated notes

Levels and vault maps discovered:
D:1:      minmay_arrival_shattered_statue, layout_basic
D:2:      minmay_door_path, layout_basic, basic_altar, serial_shops,
          nicolae_shop_advertising_works [nicolae_subvault_shop_adworks],
          hangedman_decor_push
D:3:      layout_basic, mainiacjoe_overflow_boulevard, uniq_natasha
D:4:      layout_layer_cave, nicolae_uskayaw_en_pointe,
          nicolae_overflow_crystal_walls, general_overflow_altar,
          mainiacjoe_overflow_catwalk, minmay_temple_entry_arrows, uniq_grinder,
          uniq_robin, uniq_sigmund
D:5:      layout_loops_ring, serial_shops, nicolae_shop_bloodbath_and_beyond
D:6:      layout_basic, pf_just_have_faith, ashenzari_altar_1, trog_wizard
D:7:      layout_layer_cave, serial_demonic, serial_demonic_d, serial_demonic_c,
          serial_demonic_d, serial_demonic_g, chequers_serial_rivers_small_3
D:8:      layout_gridville, hangedman_decor_riveting
D:9:      nicolae_cairo_tiling_very_big, layout_stronghold,
          ebering_ghost_disaster_area
D:10:     layout_roguey, yredelemnul_altar_generic, dpeg_oklobed_lair,
          serial_co_window_serial, co_window_paths_b, co_window_corner_a,
          co_window_of_opportunity_a, co_window_corner_a, co_window_paths_a,
          co_window_of_opportunity_b, co_window_broadway_a, co_window_cross_2,
          co_window_2corner, co_window_4corner_a, glass_columns_a,
          glass_columns_a, grunt_decor_clamped
Temple:   nicolae_temple_ecumenical_triangle
Lair:1:   layout_regular_city, serial_bayou_pond_d,
          chequers_serial_rivers_micro_c, disabler_island

Skill      XL: |  1  2  3  4  5  6  7  8  9 10 11 |
---------------+----------------------------------+-----
Stealth        | 3 4 5 6 |  6.2
Conjurations   | 2 3 4 5 6 |  6.3
Fire Magic     | 4 5 6 8 9 |  9.7
Short Blades   | 1 2 |  2.3
Spellcasting   | 3 4 6 7 8 9 |  9.0
Fighting       | 1 2 |  2.1
Hexes          | 1 2 |  2.9
Necromancy     | 2 4 5 |  5.5
Invocations    | 2 5 6 |  6.2
Air Magic      | 1 |  1.1
Translocations | 1 |  1.0
Dodging        | |  2.6
Evocations     | |  0.6

Action                   |  1- 3 |  4- 6 |  7- 9 | 10-12 || total
-------------------------+-------+-------+-------+-------++-------
Melee: Short sword       |    28 |       |       |       ||    28
       Constrict         |    10 |     4 |     6 |     1 ||    21
       Tentacles         |     7 |     5 |     5 |     4 ||    21
       Dagger            |     4 |    20 |    15 |     2 ||    41
       Punch             |       |       |     1 |       ||     1
       Staff             |       |       |     2 |     5 ||     7
 Cast: Foxfire           |    56 |    44 |   190 |   169 ||   459
       Scorch            |       |     1 |    45 |    31 ||    77
       Inner Flame       |       |       |    12 |    15 ||    27
       Flame Wave        |       |       |     5 |     9 ||    14
       Kindle Blastspark |       |       |     3 |    13 ||    16
Evoke: Wand              |       |       |       |     9 ||     9
  Use: Potion            |       |       |       |     4 ||     4
 Stab: Sleeping          |     6 |     4 |     3 |       ||    13
Armor: Skin              |       |       |     6 |     1 ||     7
Dodge: Dodged            |    15 |     6 |    36 |    33 ||    90

Table legend: (Time is in decaauts)
 A = Elapsed time spent in this place.
 B = Non-inter-level travel time spent in this place.
 C = Inter-level travel time spent in this place.
 D = Time resting spent in this place.
 E = Time spent auto-exploring this place.
 F = Levels seen in this place.
 G = Mean time per level.
                   A        B        C        D        E       F      G
               +--------+--------+--------+--------+--------+-----+--------+
         Total |  13701 |  13405 |    296 |    578 |   9866 |  12 | 1141.8 |
       Dungeon |  13302 |  13007 |    295 |    578 |   9609 |  10 | 1330.2 |
        Temple |     36 |     36 |      0 |      0 |      0 |   1 |   36.0 |
          Lair |    362 |    362 |      0 |      0 |    257 |   1 |  362.0 |
               +--------+--------+--------+--------+--------+-----+--------+

Top non-repeatable levels by time:
     D:4: 1770 daAuts
     D:9: 1754 daAuts
    D:10: 1494 daAuts
     D:7: 1478 daAuts
     D:8: 1402 daAuts
     D:3: 1267 daAuts
     D:5: 1236 daAuts
     D:2: 1094 daAuts
     D:6: 913 daAuts
     D:1: 890 daAuts
  Lair:1: 362 daAuts
  Temple: 36 daAuts
